 Dungeon Crawl Stone Soup version 0.17.2-1-ge4368a0 (webtiles) character file.

23 Goblin1989 the Sneak (level 2, 0/23 HPs)
             Began as a Demonspawn Assassin on Dec 22, 2017.
             Slain by a jackal (1 damage)
             ... on level 1 of the Dungeon.
             The game lasted 00:01:36 (712 turns).

Goblin1989 the Sneak (Demonspawn Assassin)           Turns: 712, Time: 00:01:36

Health: 0/23       AC:  3    Str: 11    XL:     2   Next: 72%
Magic:  2/2        EV: 11    Int: 12    God:
Gold:   13         SH:  0    Dex: 16    Spells: 0 memorised, 1 level left

rFire  . . .     SeeInvis .     a - +2 dagger
rCold  . . .     Clarity  .     c - +0 robe
rNeg   . . .     SustAt   .     (no shield)
rPois  .         Gourm    .     (no helmet)
rElec  .         Spirit   .     d - +0 cloak
rCorr  .         Warding  .     (no gloves)
rMut   .         Stasis   .     (no boots)
MR     .....                    (no amulet)
Stlth  +++.......               (no ring)
                                (no ring)

@: not resistant to hostile enchantments, fairly stealthy
A: thin skeletal structure 1
a: no special abilities


You were on level 1 of the Dungeon.
You were not hungry.

You visited 1 branch of the dungeon, and saw 1 of its levels.

You collected 13 gold pieces.

Inventory:

Hand Weapons
 a - a +2 dagger (weapon)
 w - a +0 blowgun {@w1}
Missiles
 f - 2 curare-tipped needles
 g - 8 poisoned needles
Armour
 c - a +0 robe (worn)
 d - a +0 cloak (worn)
Scrolls
 i - a scroll of fog {unknown}
Comestibles
 e - a bread ration {@e1}
 h - a meat ration {@e2}


   Skills:
 - Level 2.9 Fighting
 + Level 2.2 Short Blades
 - Level 1.7 Throwing
 - Level 0.8 Dodging
 - Level 3.6 Stealth


You had one spell level left.
You didn't know any spells.

Dungeon Overview and Level Annotations

Branches:
Dungeon (1/15)

Altars:


Innate Abilities, Weirdness & Mutations

You have a somewhat thin skeletal structure (Dex +2, Stealth).


Message History

You are too injured to fight recklessly!
You are too injured to fight recklessly!
You are too injured to fight recklessly!
You are too injured to fight recklessly!
You are too injured to fight recklessly!
You are too injured to fight recklessly!
The jackal bites you.
* * * LOW HITPOINT WARNING * * *
You take 3 damage, and have 10/23 hp.
You hit the jackal.
You kill the jackal!
You hit the ball python.
The ball python is severely wounded.
The ball python barely misses you. The ball python grabs you.
* * * LOW HITPOINT WARNING * * *
The ball python constricts you.
You take 1 damage, and have 9/23 hp.
You barely miss the ball python.
The ball python is moderately wounded.
The ball python closely misses you. The ball python constricts you.
You hit the ball python.
You kill the ball python!
The jackal bites you but does no damage.
You hit the jackal.
The jackal is heavily wounded.
The jackal misses you.
You hit the jackal.
The jackal is severely wounded.
The jackal bites you but does no damage.
You barely miss the jackal.
The jackal is heavily wounded.
The jackal closely misses you.
You hit the jackal.
The jackal is severely wounded.
The jackal bites you.
* * * LOW HITPOINT WARNING * * *
The jackal closely misses you.
You take 1 damage, and have 9/23 hp.
You closely miss the jackal.
The jackal is severely wounded.
The jackal bites you.
* * * LOW HITPOINT WARNING * * *
You take 1 damage, and have 8/23 hp.
You hit the jackal.
You kill the jackal!
The jackal barely misses you.
You closely miss the jackal. The jackal closely misses you.
You barely miss the jackal. The jackal bites you.
* * * LOW HITPOINT WARNING * * *
You take 1 damage, and have 7/23 hp.
You barely miss the jackal. The jackal closely misses you.
You hit the jackal.
The jackal is lightly wounded.
The jackal barely misses you.
You hit the jackal but do no damage.
The jackal is lightly wounded.
The jackal bites you.
* * * LOW HITPOINT WARNING * * *
You take 3 damage, and have 4/23 hp.
You hit the jackal but do no damage.
The jackal is lightly wounded.
The jackal closely misses you. The jackal bites you.
* * * LOW HITPOINT WARNING * * *
You take 1 damage, and have 3/23 hp.
You hit the jackal.
The jackal is severely wounded.
The jackal bites you but does no damage.
You hit the jackal.
The jackal is almost dead.
The jackal bites you.
* * * LOW HITPOINT WARNING * * *
You take 1 damage, and have 2/23 hp.
Unknown command.
You hit the jackal.
You kill the jackal!
Unknown command.
You hit the jackal.
The jackal is moderately wounded.
The jackal barely misses you. The jackal bites you.
* * * LOW HITPOINT WARNING * * *
You take 1 damage, and have 1/23 hp.
You barely miss the jackal.
The jackal is moderately wounded.
The jackal bites you.
* * * LOW HITPOINT WARNING * * *
Unknown command.
You closely miss the jackal.
The jackal is moderately wounded.
The jackal barely misses you.
Unknown command.
The jackal bites you but does no damage.
You closely miss the jackal.
The jackal is moderately wounded.
The jackal bites you but does no damage.
Unknown command.
You miss the jackal.
The jackal is moderately wounded.
The jackal bites you.
You die...

███ ██ ██ ██.. ... .█
... ..█ .█ ..█ █.█ .█
█.█ █.█ .█ ██ ███.█
█.███.█... █..@██
██.██....██
█.███h█████.h.†.█$...
██lb............█ █
██.█████....█... █.
█.█ ██..██ ██ █.█
██.█ ██.█ █..█ ██..█
█... █...███.█.█
█.██. █......██.█ █.█
█


You could see a giant gecko, a jackal and a bat.

Vanquished Creatures
  3 bats (D:1)
  2 giant cockroaches (D:1)
  A goblin (D:1)
  3 hobgoblins (D:1)
  3 jackals (D:1)
  3 kobolds (D:1)
  A ball python (D:1)
  A giant newt (D:1)
  5 rats (D:1)
22 creatures vanquished.

Notes
Turn   | Place    | Note
--------------------------------------------------------------
     0 | D:1      | Goblin1989 the Demonspawn Assassin began the quest for the Orb.
     0 | D:1      | Reached XP level 1. HP: 16/16 MP: 1/1
   307 | D:1      | Gained mutation: You have a somewhat thin skeletal structure (Dex +2, Stealth). [demonic ancestry]
   307 | D:1      | Reached XP level 2. HP: 20/23 MP: 2/2
   707 | D:1      | HP: 1/23 [jackal (1)]
   712 | D:1      | Slain by a jackal

Action                   || total
-------------------------++-------
Melee: Dagger            ||    83
 Stab: Sleeping          ||     2

Vault maps used:
D:1:      minmay_arrival_pointy, tso_altar
